 Dungeon Crawl Stone Soup version 0.22-a0-271-gc000056 (webtiles) character file.

139 RoseArtemis the Slasher (level 5, 0/47 HPs)
             Began as a Minotaur Berserker on Mar 11, 2018.
             Was a Believer of Trog.
             Slain by an adder (3 damage)
             ... on level 3 of the Dungeon.
             The game lasted 00:05:36 (2270 turns).

RoseArtemis the Slasher (Minotaur Berserker)        Turns: 2270, Time: 00:05:36

Health: 0/47       AC:  3    Str: 21    XL:     5   Next: 1%
Magic:  4/4        EV: 12    Int:  4    God:    Trog [**....]
Gold:   60         SH:  0    Dex: 11    Spells: 4/4 levels left

rFire    . . .     SeeInvis .   a - +0 falchion
rCold    . . .     Gourm    .   (no shield)
rNeg     . . .     Faith    .   b - +0 animal skin
rPois    .         Spirit   .   (helmet restricted)
rElec    .         Reflect  .   (no cloak)
rCorr    .         Harm     .   (no gloves)
MR       .....                  d - +0 pair of boots
Stlth    +.........             (no amulet)
HPRegen  0.15/turn              (no ring)
MPRegen  0.09/turn              (no ring)

@: no status effects
A: retaliatory headbutt, horns 2
a: Berserk, Trog's Hand, Renounce Religion


You were on level 3 of the Dungeon.
You worshipped Trog.
Trog was pleased with you.
You were not hungry.

You visited 1 branch of the dungeon, and saw 3 of its levels.

You collected 60 gold pieces.

Inventory:

Hand Weapons
 a - a +0 falchion (weapon)
Armour
 b - a +0 animal skin (worn)
 d - a +0 pair of boots (worn)
Jewellery
 i - an uncursed amulet of harm {unknown}
 j - an uncursed ring of protection from magic {unknown}
 o - a cursed ring of see invisible {unknown}
Scrolls
 e - a scroll of enchant weapon {unknown}
 k - 6 scrolls of identify {unknown}
 m - a scroll of remove curse {unknown}
 n - 2 scrolls of amnesia {unknown}
 q - a scroll of blinking {unknown}
Potions
 g - a potion of heal wounds {unknown}
 h - a potion of agility {unknown}
 l - a potion of curing {unknown}
 p - a potion of might {unknown}
Comestibles
 c - 6 rations
 f - 5 chunks of flesh


   Skills:
 + Level 4.7 Fighting
 * Level 5.5 Long Blades
 + Level 3.7 Armour
 - Level 2.1 Dodging


You had 4 spell levels left.
You didn't know any spells.

Dungeon Overview and Level Annotations

Branches:
Dungeon (3/15)

Altars:


Innate Abilities, Weirdness & Mutations

You reflexively headbutt those who attack you in melee.
You have a pair of horns on your head.


Message History

You become entangled in the net!
The adder bites you but does no damage.
You struggle against the net.
The adder bites you but does no damage. x2
You struggle against the net.
The gnoll hits you from afar with a spear!
The adder barely misses you. You furiously retaliate!
You headbutt the adder.
You tear a large gash into the net.
The adder bites you. The gnoll hits you with a flail.
The gnoll hits you from afar with a spear.
You shred the net and break free! The adder misses you.
The gnoll hits you from afar with a spear!
The gnoll hits you with a flail!
* * * LOW HITPOINT WARNING * * *
You hit the adder but do no damage.
The adder is severely wounded.
The adder bites you.
* * * LOW HITPOINT WARNING * * *
The gnoll hits you with a whip!
* * * LOW HITPOINT WARNING * * *
The gnoll barely misses you. The adder bites you.
You die...

......................
.###........#####......
##..................
+.................#.
#...................
.........###........
......###.#........
...... #.S........
...... #@#........
....#..gg#........
.....g..##.......
........# .......
......... .......
......... .......
......#.. #<...
......#...


You could see 3 gnolls and an adder.

Vanquished Creatures
  Jessica (D:2)
  2 adders (D:3)
  4 oozes
  2 dart slugs
  3 leopard geckos
  2 orcs (D:3)
  2 giant cockroaches
  8 hobgoblins
  12 jackals
  7 kobolds
  A quokka (D:2)
  4 bats
  2 frilled lizards
  5 goblins
  10 rats
65 creatures vanquished.

Notes
Turn   | Place    | Note
-------+----------+-------------------------------------------
     0 | D:1      | RoseArtemis the Minotaur Berserker began the quest for the Orb.
     0 | D:1      | Reached XP level 1. HP: 19/19 MP: 0/0
    54 | D:1      | Reached skill level 4 in Long Blades
    60 | D:1      | Reached XP level 2. HP: 26/27 MP: 1/1
   363 | D:1      | Reached XP level 3. HP: 22/33 MP: 2/2
   546 | D:1      | Reached ** piety under Trog
  1057 | D:2      | Noticed Jessica
  1064 | D:2      | Killed Jessica
  1064 | D:2      | Reached skill level 5 in Long Blades
  1064 | D:2      | Reached XP level 4. HP: 39/40 MP: 3/3
  1218 | D:2      | Found a faded altar of an unknown god.
  1923 | D:3      | Reached *** piety under Trog
  2227 | D:3      | Reached XP level 5. HP: 44/47 MP: 4/4
  2270 | D:3      | Slain by an adder

Vault maps used:
D:1:      minmay_arrival_split_and_join
D:2:      first_ration, serial_forest, infiniplex_forest_lined_room_3,
          infiniplex_forest_clump_tiny, infiniplex_forest_straight_2,
          infiniplex_forest_end_double, infiniplex_forest_end_3,
          chequers_ecumenical_altar_simple, kennysheep_big_empty_room,
          lemuel_flame_loot_1, uniq_jessica
D:3:      minmay_misc_feat_hallway, uniq_robin, uniq_sigmund

Skill      XL: |  1  2  3 |
---------------+----------+-----
Long Blades    | 4 5 |  5.5
Fighting       | 4 |  4.7
Armour         | 3 |  3.7
Dodging        | |  2.1

Action                   |  1- 3 |  4- 6 || total
-------------------------+-------+-------++-------
Melee: Falchion          |    58 |    67 ||   125
       Headbutt          |    15 |    12 ||    27
  Eat: Chunk             |       |     4 ||     4
Armor: Animal skin       |    14 |     7 ||    21
Dodge: Dodged            |    32 |    36 ||    68
       Rpst.: Falchion   |     7 |    10 ||    17

Table legend:
 A = Spawn XP
 B = Non-spawn XP
 C = Spawn XP percentage of total XP
 D = Spawn monster count
 E = Non-spawn monster count
 F = Spawn count percentage of total count
 G = Total turns spent on level
                    A         B        C        D         E        F      G
               +---------+---------+-------+---------+---------+-------+---------
         Total |       0 |     199 |   0.0 |       0 |      65 |   0.0 |  2270
               +---------+---------+-------+---------+---------+-------+---------
           D:1 |       0 |      61 |   0.0 |       0 |      29 |   0.0 |  1046
           D:2 |       0 |      89 |   0.0 |       0 |      27 |   0.0 |   785
           D:3 |       0 |      49 |   0.0 |       0 |       9 |   0.0 |   439
               +---------+---------+-------+---------+---------+-------+---------
